 Dungeon Crawl Stone Soup version 0.31-a0-600-g62dffe198b (webtiles) character file.

Game seed: 15656728510939000404

23263 CrazyBamboolord the Thaumaturge (level 13, -1/88 HPs)
             Began as a Djinni Air Elementalist on Aug 21, 2023.
             Was a High Priest of Makhleb.
             Slain by a steam dragon (3 damage)
             ... in a volcano.
             The game lasted 00:48:53 (20730 turns).

CrazyBamboolord the Thaumaturge (DjAE)             Turns: 20730, Time: 00:48:53

Health: -1/88      AC:  7    Str:  7    XL:     13   Next: 33%
Gold:   1106       EV: 15    Int: 21    God:    Makhleb [*****.] SH:  5 Dex: 15

rFire   + + .        u - +1 dagger (elec)
rCold   x . .        (no shield)
rNeg    . . .        y - +3 leather armour
rPois   ∞            C - +1 hat
rElec   .            (no cloak)
rCorr   .            (no gloves)
SInv    +            (boots unavailable)
Will    +....        G - amulet of reflection
Stlth   ++           m - ring of see invisible
HPRegen 0.34/turn    (no ring)
MPRegen 0.00/turn

%: reflection, infuse magic (-2 HP)
@: flying
A: sickness immunity, fire resistance 2, cold vulnerability 1, float, innate
caster, HP casting, extra vitality 1
a: Renounce Religion, Minor Destruction, Lesser Servant of Makhleb, Major
Destruction, Greater Servant of Makhleb


You were in a volcano.
You worshipped Makhleb.
Makhleb was extremely pleased with you.
You visited 4 branches of the dungeon, and saw 15 of its levels.
You also visited: Sewer, Ossuary, Bailey and Volcano.

You collected 1106 gold pieces.

Inventory:

Hand Weapons
 u - a +1 dagger of electrocution (weapon)
Armour
 p - +0 steam dragon scales
 y - a +3 leather armour (worn)
 C - a +1 hat (worn)
 F - a +2 robe of willpower
Jewellery
 m - a ring of see invisible (left hand)
 E - an amulet of the acrobat
 G - an amulet of reflection (around neck)
Wands
 e - a wand of iceblast (20)
 g - a wand of light (15)
 x - a wand of flame (47)
 z - a wand of polymorph (12)
Scrolls
 h - 2 scrolls of blinking
 i - 2 scrolls of fear
 j - 6 scrolls of teleportation
 k - 3 scrolls of poison
 n - 2 scrolls of vulnerability
 r - 8 scrolls of enchant armour
 A - 3 scrolls of fog
 B - 3 scrolls of enchant weapon
 I - a scroll of immolation
Potions
 a - a potion of enlightenment {unknown}
 b - 3 potions of haste {unknown}
 c - 4 potions of mutation {unknown}
 f - a potion of degeneration {unknown}
 l - 3 potions of magic {unknown}
 o - 3 potions of might
 q - 4 potions of cancellation
 s - 8 potions of invisibility {unknown}
 t - a potion of resistance {unknown}
 w - a potion of brilliance {unknown}
 D - a potion of berserk rage {unknown}


   Skills:
 * Level 6.4 Fighting
 * Level 8.5 Dodging
 - Level 3.8 Stealth
 * Level 13.8 Spellcasting
 * Level 13.8 Conjurations
 * Level 13.8 Hexes
 * Level 13.8 Summonings
 * Level 13.8 Necromancy
 * Level 13.8 Translocations
 * Level 13.8 Transmutations
 * Level 13.8 Fire Magic
 * Level 13.8 Ice Magic
 * Level 13.8 Air Magic
 * Level 13.8 Earth Magic
 * Level 13.8 Poison Magic
 * Level 5.0 Invocations


You knew the following spells:

 Your Spells              Type           Power      Damage    Failure   Level
a - Shock                 Conj/Air       100%       1d9       1%          1
b - Static Discharge      Conj/Air       100%       2-7/arc   1%          2
c - Swiftness             Air            64%        N/A       1%          3
d - Airstrike             Air            32%        2d(5-21)  1%          4
e - Sting                 Tmut/Pois      100%       1d8       1%          1
f - Lesser Beckoning      Tloc           100%       N/A       1%          2
g - Passwall              Tmut/Erth      53%        N/A       1%          2
h - Teleport Other        Tloc           64%        N/A       1%          3
i - Anguish               Hex/Necr       32%        N/A       1%          4
j - Alistair's Intoxicat  Tmut/Pois      42%        N/A       1%          5
Your spell library was empty.

Dungeon Overview and Level Annotations

Branches:
Dungeon (11/15)            Temple (1/1) D:4            Lair (1/5) D:9
    Orc (2/2) D:9             Elf (0/3) Orc:2         Sewer (visited)
Ossuary (visited)          Bailey (visited)         Volcano (1/1)

Altars:
Ashenzari
Cheibriados
Dithmenos
Elyvilon
Fedhas
Gozag
Hepliaklqana
Makhleb
Nemelex Xobeh
Okawaru
Qazlal
Ru
Trog
Uskayaw
Wu Jian
Xom
Yredelemnul
Zin
The Shining One

Portals:
Ice
Cave: Orc:2

Annotations:
D:3 Seven7's ghost, novice MiFi
Orc:2 Maurice


Innate Abilities, Weirdness & Mutations

You are immune to sickness and miasma.
You are immune to poison.
Your flesh is very heat resistant. (rF++)
You are vulnerable to cold. (rC-)
You float through the air rather than walking.
You learn spells naturally, not from books.
Your magical power is your life essence.
You have superior vitality. (+4 MHP)


Message History

Aim: a steam dragon (lava, empty space bonus: 6/8)
The air twists around and strikes the steam dragon!
The steam dragon is heavily wounded.
* * * LOW HITPOINT WARNING * * *
The steam dragon breathes steam at you.
The ball of steam hits the plant!
The ball of steam hits you. You resist.
* * * LOW HITPOINT WARNING * * *
The ball of steam hits the plant!
The plant begins to die.
You hear an angry hiss.
You hear a shout!
You hear an angry hiss. x2
The plant is engulfed in a cloud of scalding steam.
Casting: Airstrike (safe; 1% risk of failure)
Confirm with . or Enter, or press ? or * to list all spells.
Aiming: Airstrike (safe; 1% risk of failure)
Press: ? - help, Dir - move target, f/p - steam dragon
Aim: a steam dragon (lava, heavily wounded, empty space bonus: 6/8)
The air twists around and strikes the steam dragon.
The steam dragon is heavily wounded.
* * * LOW HITPOINT WARNING * * *
A nearby plant withers and dies.
The plant is engulfed in a cloud of scalding steam.
You feel better.
Casting: Airstrike (safe; 1% risk of failure)
Confirm with . or Enter, or press ? or * to list all spells.
Aiming: Airstrike (safe; 1% risk of failure)
Press: ? - help, Dir - move target, f/p - steam dragon
Aim: a steam dragon (heavily wounded, empty space bonus: 5/8)
The air twists around and strikes the steam dragon!
The steam dragon is almost dead.
* * * LOW HITPOINT WARNING * * *
A nearby plant withers and dies.
The steam dragon breathes steam at you. The ball of steam hits you. You resist.
* * * LOW HITPOINT WARNING * * *
You hear an angry hiss.
Unknown command.
Okay, then.
You hit the steam dragon but do no damage.
The steam dragon is almost dead.
The steam dragon bites you.
You die...

≈§○≈ §≈≈≈§§○≈§≈♣♣♣♣♣♣≈≈≈§≈
≈≈○≈ ♣♣♣♣§§§§≈°≈≈≈§§≈§P
°≈≈≈♣♣♣♣♣P.♣♣≈≈§§≈○≈≈≈≈≈≈♣
§§§♣.P.♣...P..≈♣≈≈≈≈≈°§§≈♣
≈≈P.....P♣...♣.♣♣≈≈≈≈≈§≈≈♣
§♣...♣......P...♣..♣≈§≈≈♣ ♣♣
≈PP.P.P.♣♣♣..P♣.....P.♣♣♣.P♣♣
P...♣..PP≈§≈≈≈♣PD.[..♣..P...♣
P......P§§§≈≈§§≈@.P..♣....♣.P
P§P...P.≈≈≈§≈≈≈§≈§.♣..)....P.
§P.♣..P≈≈≈§♣♣♣♣§≈§§§§...§....
≈♣P÷.♣♣≈≈§♣♣.P♣♣♣♣§§≈§≈.♣....
§♣..♣♣♣♣♣♣♣......♣♣♣♣≈≈≈§§P♣.
§♣♣....♣PP....P♣..♣.♣≈≈≈○≈§§
≈≈♣♣.......PP♣♣♣♣♣.P♣♣§≈°≈°≈
§≈ ♣♣♣♣♣P♣♣♣♣♣ ♣...♣♣≈≈≈≈○§
≈≈ ♣♣♣ ♣♣.♣.♣♣≈○≈≈§


You could see a steam dragon (catching breath).

Vanquished Creatures
  Snorg (D:11)
  Erolcha (D:11)
  4 two-headed ogres
  An orc high priest (D:9)
  Pikel (D:5)
  3 orc knights
  An orc sorcerer (Orc:1)
  2 salamanders (Volcano)
  Joseph (D:7)
  2 komodo dragons
  An unseen horror (D:11)
  4 trolls
  A hornet (D:8)
  Grinder (D:3)
  5 slime creatures (D:9)
  10 yaks
  2 fire bats (Volcano)
  A shadow (D:9)
  5 wyverns
  3 wraiths
  5 vampire mosquitoes
  4 steam dragons
  A death yak simulacrum (Orc:2)
  3 water moccasins
  An acid dragon (D:11)
  2 sky beasts
  2 ice beasts
  A black bear (D:5)
  17 orc warriors
  2 centaurs
  4 ogres
  4 phantoms
  3 lemures (D:5)
  9 kobold brigands
  4 bullfrogs
  A necrophage (D:5)
  2 scorpions
  3 water moccasin zombies (Ossuary)
  8 wights
  21 killer bees
  3 howler monkeys (D:7)
  6 jellies
  2 hounds (D:5)
  A gnoll bouda (D:5)
  14 orc priests
  4 iguanas
  Terence (D:3)
  13 orc wizards
  4 troll simulacra (Orc:2)
  2 spriggan simulacra (Orc:2)
  A hound skeleton (D:5)
  2 mummies (Ossuary)
  4 gnolls (D:2)
  12 adders
  3 river rats (Sewer)
  A shadow imp (D:6)
  4 white imps
  2 ufetubi (D:5)
  9 adder zombies
  3 worms
  5 dart slugs
  66 orcs
  12 endoplasms
  5 giant cockroaches
  4 goblins
  5 hobgoblins
  5 jackals (Sewer)
  23 kobolds
  7 quokkas
  5 ball pythons
  8 bats
  7 frilled lizards
  2 giant cockroach zombies (D:3)
  2 gnoll zombies (Ossuary)
  2 hobgoblin zombies (Ossuary)
  4 kobold zombies (Ossuary)
  4 orc zombies (Ossuary)
  A quokka skeleton (D:3)
  11 rats
  A spectral orc (D:3)
417 creatures vanquished.

Vanquished Creatures (others)
  A komodo dragon (Volcano)
  A troll (D:9)
  2 wyverns (Volcano)
  A warg (D:9)
  4 orc warriors
  An orc priest (Orc:1)
  2 orcs
  A kobold (D:9)
13 creatures vanquished.

Grand Total: 430 creatures vanquished

Notes
Turn   | Place    | Note
-------+----------+-------------------------------------------
     0 | D:1      | CrazyBamboolord the Djinni Air Elementalist began the quest
                  | for the Orb.
     0 | D:1      | CrazyBamboolord set off with the following spells
                  | memorised: Shock, Static Discharge, Swiftness, Airstrike.
     0 | D:1      | Reached XP level 1. HP: 15/15 MP: 0/0
   144 | D:1      | Reached XP level 2. HP: 17/21 MP: 0/0
   396 | D:1      | Reached XP level 3. HP: 19/25 MP: 0/0
   396 | D:1      | Learned a level 1 spell: Sting
  1316 | D:2      | Reached XP level 4. HP: 11/31 MP: 0/0
  1802 | D:3      | Noticed Grinder
  1805 | D:3      | Paralysed by Grinder for 4 turns
  1814 | D:3      | Paralysed by Grinder for 3 turns
  1820 | D:3      | Killed Grinder
  1821 | D:3      | Reached XP level 5. HP: 12/36 MP: 0/0
  1821 | D:3      | Learned a level 2 spell: Lesser Beckoning
  1821 | D:3      | Reached XP level 6. HP: 13/41 MP: 0/0
  1981 | D:3      | Found a glowing drain.
  2047 | D:3      | Reached skill level 5 in Spellcasting
  2047 | D:3      | Reached skill level 5 in Conjurations
  2047 | D:3      | Reached skill level 5 in Hexes
  2047 | D:3      | Reached skill level 5 in Summonings
  2047 | D:3      | Reached skill level 5 in Necromancy
  2047 | D:3      | Reached skill level 5 in Translocations
  2047 | D:3      | Reached skill level 5 in Transmutations
  2047 | D:3      | Reached skill level 5 in Fire Magic
  2047 | D:3      | Reached skill level 5 in Ice Magic
  2047 | D:3      | Reached skill level 5 in Air Magic
  2047 | D:3      | Reached skill level 5 in Earth Magic
  2047 | D:3      | Reached skill level 5 in Poison Magic
  2057 | Sewer    | Entered a sewer
  2178 | Sewer    | Reached skill level 1 in Fighting
  2358 | Sewer    | Reached XP level 7. HP: 40/47 MP: 0/0
  2358 | Sewer    | Learned a level 2 spell: Passwall
  3472 | D:3      | Found a faded altar of an unknown god.
  3519 | D:3      | Noticed Terence
  3525 | D:3      | Killed Terence
  3584 | D:3      | Reached XP level 8. HP: 49/52 MP: 0/0
  3759 | D:3      | Found a basalt altar of Yredelemnul.
  4198 | D:4      | Found a bloodstained altar of Trog.
  4340 | D:4      | Found a runed translucent door.
  4340 | D:4      | Noticed Seven7's ghost (novice MiFi)
  4362 | D:4      | Found a sand-covered staircase.
  4367 | Ossuary  | Entered an ossuary
  5771 | D:4      | Found a staircase to the Ecumenical Temple.
  5777 | Temple   | Entered the Ecumenical Temple
  5811 | D:5      | Entered Level 5 of the Dungeon
  6426 | D:4      | Reached XP level 9. HP: 20/58 MP: 0/0
  6426 | D:4      | Learned a level 3 spell: Teleport Other
  7103 | D:5      | Found a burning altar of Makhleb.
  7143 | D:5      | Became a worshipper of Makhleb the Destroyer
  7516 | D:6      | Noticed Pikel
  7881 | D:5      | Killed Pikel
  8123 | D:6      | Identified the +9 whip of Callousness {antimagic, Contam
                  | Fly rElec rPois}
  8455 | D:6      | Reached XP level 10. HP: 44/65 MP: 0/0
  9106 | D:7      | Reached * piety under Makhleb
  9112 | D:7      | Reached skill level 5 in Dodging
  9398 | D:7      | Reached skill level 10 in Spellcasting
  9398 | D:7      | Reached skill level 10 in Conjurations
  9398 | D:7      | Reached skill level 10 in Hexes
  9398 | D:7      | Reached skill level 10 in Summonings
  9398 | D:7      | Reached skill level 10 in Necromancy
  9398 | D:7      | Reached skill level 10 in Translocations
  9398 | D:7      | Reached skill level 10 in Transmutations
  9398 | D:7      | Reached skill level 10 in Fire Magic
  9398 | D:7      | Reached skill level 10 in Ice Magic
  9398 | D:7      | Reached skill level 10 in Air Magic
  9398 | D:7      | Reached skill level 10 in Earth Magic
  9398 | D:7      | Reached skill level 10 in Poison Magic
  9661 | D:7      | Noticed Joseph
  9668 | D:7      | Killed Joseph
 10518 | D:8      | Reached ** piety under Makhleb
 10525 | D:8      | Found a flagged portal.
 10547 | D:8      | Reached XP level 11. HP: 13/71 MP: 0/0
 10547 | D:8      | Learned a level 4 spell: Anguish
 10749 | Bailey   | Entered a bailey
 11306 | Bailey   | Noticed an orc knight
 11402 | Bailey   | Killed an orc knight
 11406 | Bailey   | Noticed an orc knight
 11409 | Bailey   | Killed an orc knight
 12057 | D:8      | Found an ornate altar of the Wu Jian Council.
 12365 | D:9      | HP: 3/71 [orc warrior/+0 halberd (9)]
 12725 | D:9      | Found an iron altar of Okawaru.
 12743 | D:9      | You are sucked into a shaft and drop 2 floors!
 12851 | D:10     | Entered Level 10 of the Dungeon
 12912 | D:10     | Reached *** piety under Makhleb
 13471 | D:9      | Found a staircase to the Orcish Mines.
 14129 | D:9      | Found a stormy altar of Qazlal.
 14138 | D:9      | Found a staircase to the Lair.
 14652 | D:10     | Found an opulent altar of Gozag.
 14741 | D:10     | Reached XP level 12. HP: 54/76 MP: 0/0
 15194 | D:10     | HP: 1/76 [wraith (6)]
 15725 | D:10     | Noticed a two-headed ogre
 15784 | D:10     | Killed a two-headed ogre
 16128 | D:10     | Found a hide-covered altar of Uskayaw.
 16354 | D:11     | Noticed a two-headed ogre
 16360 | D:11     | Noticed Erolcha
 16372 | D:11     | Killed a two-headed ogre
 16373 | D:11     | Reached skill level 1 in Invocations
 16494 | D:11     | Killed Erolcha
 16494 | D:11     | Noticed Snorg
 16505 | D:11     | Killed Snorg
 16825 | D:11     | Reached **** piety under Makhleb
 17235 | D:11     | Noticed a boulder beetle
 17469 | Lair:1   | Entered Level 1 of the Lair of Beasts
 17759 | Orc:1    | Entered Level 1 of the Orcish Mines
 18160 | Orc:1    | Noticed an orc high priest
 18510 | D:9      | Killed an orc high priest
 18511 | D:9      | Reached skill level 5 in Fighting
 19390 | Orc:2    | Entered Level 2 of the Orcish Mines
 19503 | Orc:2    | Noticed a two-headed ogre
 19505 | Orc:2    | Reached XP level 13. HP: 85/86 MP: 0/0
 19505 | Orc:2    | Learned a level 5 spell: Alistair's Intoxication
 19518 | Orc:2    | Found a frozen archway.
 19991 | Orc:2    | Reached ***** piety under Makhleb
 20036 | Orc:2    | Noticed Maurice
 20038 | Orc:2    | Found a dark tunnel.
 20045 | Volcano  | Entered a volcano
 20716 | Volcano  | Reached skill level 5 in Invocations
 20728 | Volcano  | HP: 2/88 [steam dragon/ball of steam (4)]
 20730 | Volcano  | Slain by a steam dragon

Illustrated notes

Levels and vault maps discovered:
D:1:      elethiomel_arrival_infinity_welcomes_careful_drivers, layout_rooms
D:2:      layout_basic, st_stairs_10, minmay_unequal
D:3:      layout_basic, yredelemnul_forgotten_temple_becter,
          shapermc_ecumenical_altar_rom_forum, gup_sewer_entry_glass,
          serial_undead, serial_undead_e, serial_undead_e, serial_undead_a,
          serial_undead_b, serial_undead_a, nicolae_hexahallways,
          minmay_diced_spiral, uniq_terence, uniq_grinder
D:4:      layout_loops_ring, trog_butcher_becter, minmay_temple_entry_fiery,
          enter_ossuary_2, hellmonk_ghost_happy_afterlife
D:5:      layout_rooms, makhleb_blood_cavern_becter, minmay_joined_circles
D:6:      layout_loops_ring, amcnicky_mini_rare_corridor_liquid,
          chequers_mini_garden, uniq_pikel
D:7:      layout_rooms, st_stairs_14, minmay_unpleasant_kobolds, uniq_joseph
D:8:      layout_rooms, mainiacjoe_overflow_alcove_2, enter_bailey_6
D:9:      layout_basic, mainiacjoe_overflow_tiny_flanked, grunt_qazlal_clouds,
          lair_entry_dummy, david_orc_4, corner_web_ring
D:10:     layout_basic, nicolae_gozag_cash_rules_everything_around_me,
          mainiacjoe_overflow_big_doors, minmay_statues_item, billiards_dpeg
D:11:     layout_loops_ring, uniq_snorg, uniq_erolcha
Temple:   cyrus_circular_temple
Lair:1:   layout_regular_city, uniq_maggie
Orc:1:    layout_caves
Orc:2:    grunt_orc_gardens, layout_caves, grunt_orc_garden, grunt_orc_garden,
          grunt_orc_garden, grunt_orc_garden,
          portal_ice_cave_entry_ice_simulacra, nicolae_volcano_entry_hallway,
          uniq_maurice
Volcano:  pf_volcano_lost_world

Skill      XL: |  1  2  3  4  5  6  7  8  9 10 11 12 13 |
---------------+----------------------------------------+-----
Spellcasting   | 4 5 6 7 9 11 12 13 | 13.8
Conjurations   | 4 5 6 7 9 11 12 13 | 13.8
Hexes          | 4 5 6 7 9 11 12 13 | 13.8
Summonings     | 4 5 6 7 9 11 12 13 | 13.8
Necromancy     | 4 5 6 7 9 11 12 13 | 13.8
Translocations | 4 5 6 7 9 11 12 13 | 13.8
Transmutations | 4 5 6 7 9 11 12 13 | 13.8
Fire Magic     | 4 5 6 7 9 11 12 13 | 13.8
Ice Magic      | 4 5 6 7 9 11 12 13 | 13.8
Air Magic      | 4 5 6 7 9 11 12 13 | 13.8
Earth Magic    | 4 5 6 7 9 11 12 13 | 13.8
Poison Magic   | 4 5 6 7 9 11 12 13 | 13.8
Stealth        | 2 3 |  3.8
Dodging        | 3 4 5 7 8 |  8.5
Fighting       | 1 2 3 5 6 |  6.4
Invocations    | 3 5 |  5.0

Action                     |  1- 3 |  4- 6 |  7- 9 | 10-12 | 13-15 || total
---------------------------+-------+-------+-------+-------+-------++-------
  Melee: Unarmed           |       |    10 |    23 |       |       ||    33
         Dagger            |       |       |       |     2 |     6 ||     8
   Cast: Shock             |    96 |    71 |   311 |   195 |     1 ||   674
         Swiftness         |     1 |       |     2 |     3 |       ||     6
         Sting             |     1 |       |       |       |       ||     1
         Static Discharge  |       |    14 |    29 |    41 |       ||    84
         Airstrike         |       |       |    19 |   264 |    68 ||   351
         Lesser Beckoning  |       |       |     1 |     1 |       ||     2
         Anguish           |       |       |       |    25 |     9 ||    34
         Teleport Other    |       |       |       |     5 |       ||     5
         Alistair's Intoxi |       |       |       |       |     4 ||     4
    Use: Scroll            |       |     2 |     5 |     7 |     1 ||    15
         Potion            |       |     2 |     3 |     3 |     6 ||    14
 Armour: Robe              |     6 |     5 |    12 |       |       ||    23
         Leather armour    |       |       |     1 |    65 |    12 ||    78
  Dodge: Dodged            |    14 |    21 |    81 |   245 |    36 ||   397
  Block: Other             |       |       |       |       |    12 ||    12

Table legend: (Time is in decaauts)
 A = Elapsed time spent in this place.
 B = Non-inter-level travel time spent in this place.
 C = Inter-level travel time spent in this place.
 D = Time resting spent in this place.
 E = Time spent auto-exploring this place.
 F = Levels seen in this place.
 G = Mean time per level.
                   A        B        C        D        E       F      G
               +--------+--------+--------+--------+--------+-----+--------+
         Total |  20778 |  20129 |    649 |   6331 |  10683 |  19 | 1093.6 |
       Dungeon |  16473 |  15867 |    606 |   4309 |   9307 |  11 | 1497.5 |
        Temple |      1 |      1 |      0 |      0 |      0 |   1 |    1.0 |
          Lair |      6 |      6 |      0 |      0 |      0 |   1 |    6.0 |
  Orcish Mines |   1160 |   1117 |     43 |    620 |    280 |   2 |  580.0 |
         Sewer |    897 |    897 |      0 |     99 |    587 |   1 |  897.0 |
       Ossuary |    624 |    624 |      0 |    389 |    103 |   1 |  624.0 |
        Bailey |    928 |    928 |      0 |    424 |    391 |   1 |  928.0 |
       Volcano |    684 |    684 |      0 |    490 |     15 |   1 |  684.0 |
               +--------+--------+--------+--------+--------+-----+--------+

Top non-repeatable levels by time:
     D:9: 3220 daAuts
    D:10: 2002 daAuts
     D:5: 1664 daAuts
     D:6: 1557 daAuts
     D:3: 1526 daAuts
     D:4: 1473 daAuts
     D:8: 1227 daAuts
    D:11: 1198 daAuts
   Orc:1: 947 daAuts
  Bailey: 928 daAuts
     D:7: 920 daAuts
   Sewer: 897 daAuts
     D:1: 870 daAuts
     D:2: 813 daAuts
 Volcano: 684 daAuts
